 Dungeon Crawl Stone Soup version 0.29-a0-1052-g6990b1bffc (webtiles) character file.

Game seed: 6836639687815728625

2 flotson the Sneak (level 1, 0/18 HPs)
             Began as a Demonspawn Delver on Aug 17, 2022.
             Shot with a sling bullet by a goblin (3 damage)
             ... on level 4 of the Dungeon.
             The game lasted 00:00:39 (87 turns).

flotson the Sneak (Demonspawn Delver)                 Turns: 87, Time: 00:00:39

Health: 0/18       AC:  3    Str: 12    XL:     1   Next: 33%
Magic:  1/1        EV: 11    Int: 11    God:
Gold:   0          SH:  0    Dex: 14    Spells: 0/0 levels left

rFire   . . .      SeeInvis .   a - +0 hand axe
rCold   . . .      Faith    .   (no shield)
rNeg    . . .      Spirit   .   b - +0 leather armour
rPois   .          Reflect  .   (no helmet)
rElec   .          Harm     .   (no cloak)
rCorr   .          Rampage  .   (no gloves)
Will    .....                   (no boots)
Stlth   ++........              (no amulet)
HPRegen 0.06/turn               (no ring)
MPRegen 0.07/turn               (no ring)

@: no status effects
A: no striking features
a: no special abilities


You were on level 4 of the Dungeon.
You visited 1 branch of the dungeon, and saw 2 of its levels.

Inventory:

Hand Weapons
 a - a +0 hand axe (weapon)
Armour
 b - a +0 leather armour (worn)
Wands
 g - a wand of digging (3)
Scrolls
 c - a scroll of fog
Potions
 f - a potion of haste
 h - a potion of heal wounds {unknown}
 i - a potion of might {unknown}


   Skills:
 + Level 3.0 Fighting
 - Level 1.7 Axes
 + Level 0.1 Armour
 + Level 1.8 Dodging
 - Level 4.5 Stealth
 + Level 0.2 Evocations


You couldn't memorise any spells.
You didn't know any spells.
Your spell library was empty.

Dungeon Overview and Level Annotations

Branches:
Dungeon (5/15)             Temple (0/1) D:4

Altars:


Message History

A goblin comes into view. It is wielding a +0 club.
The goblin shouts!
You hear an angry hiss.
You closely miss the goblin. The goblin closely misses you.
An iguana comes into view.
You completely miss the goblin. The goblin barely misses you.
The goblin hits you but does no damage.
You hit the goblin but do no damage. The goblin barely misses you.
You closely miss the goblin. The goblin misses you.
You barely miss the goblin. The goblin barely misses you.
You barely miss the goblin. The goblin barely misses you.
You barely miss the iguana. You closely miss the goblin.
The goblin closely misses you. The iguana bites you! x2
* * * LOW HITPOINT WARNING * * *
The goblin barely misses you.
You are too injured to fight recklessly!
You are too injured to fight recklessly!
Unknown command.
The goblin attacks as you move away! The goblin hits you with a +0 club.
* * * LOW HITPOINT WARNING * * *
The goblin attacks as you move away! The goblin hits you but does no damage.
The goblin attacks as you move away! The goblin closely misses you.
Found a stone staircase leading down.
The goblin attacks as you move away! The goblin closely misses you.
Found a staircase to the Ecumenical Temple.
The goblin attacks as you move away! The goblin misses you.
The goblin attacks as you move away! The goblin hits you with a +0 club.
* * * LOW HITPOINT WARNING * * *
The goblin attacks as you move away! The goblin closely misses you.
As you read the scroll of fear, it crumbles to dust.
You assume a fearsome visage.
The iguana looks frightened!
The goblin looks frightened!
As you read the scroll of magic mapping, it crumbles to dust.
You feel aware of your surroundings.
You sensed 2 altars.
An orc comes into view.
It is wielding a +0 morningstar of protection.
A goblin comes into view. It is wielding a +0 club.
The goblin shouts!
You hear a shout! x4; You hear an angry hiss. x2
You hear a shout! x2
The goblin unwields a +0 club.
The goblin wields a +0 sling.
The goblin shoots a sling bullet.
The sling bullet hits you.
You die...

*...*,#.,,#..,*,*,,,,*,,,,
**..##.**...**,**,,,,,,,**
*#...#,#..,*,*,,,,,,,,,*
#...##.#**,**,,*,*,**,*
#.....#,,,*,,,**,*,,*,*
##.#..#,,,*,,***,**,*,*
#.....#,,,*,** *,**,*,*
#.###.#####.# *,,,,,,**
#.# #..@..g.# *,,,,,,,*
#.# ######### *,,****,*
#.# *,,****,* #.#
*,,*,,,,, #.# *,,*,**,*
#.# *,,,,,,,, #.#
*,,,,,,,* #######.#
****,**<, #>......#######
*,**,*


You could see a goblin.

Vanquished Creatures
  A dart slug (D:4)
1 creature vanquished.

Notes
Turn   | Place    | Note
-------+----------+-------------------------------------------
     0 | D:5      | flotson the Demonspawn Delver began the quest for the Orb.
     0 | D:5      | Reached XP level 1. HP: 18/18 MP: 1/1
    41 | D:4      | Noticed an iguana
    70 | D:4      | Found a staircase to the Ecumenical Temple.
    87 | D:4      | Shot with a sling bullet by a goblin

Illustrated notes

Levels and vault maps discovered:
D:4:      layout_loops_cross, nicolae_overflow_squiral, temple_statues,
          minmay_vboxes, uniq_blork_the_orc
D:5:      layout_loops_ring, serial_shops, shop_statue

Action                   || total
-------------------------++-------
Melee: Hand axe          ||    10
  Use: Scroll            ||     2
Armor: Leather armour    ||     3
Dodge: Dodged            ||    13

Table legend: (Time is in decaauts)
 A = Elapsed time spent in this place.
 B = Non-inter-level travel time spent in this place.
 C = Inter-level travel time spent in this place.
 D = Time resting spent in this place.
 E = Time spent auto-exploring this place.
 F = Levels seen in this place.
 G = Mean time per level.
                   A        B        C        D        E       F      G
               +--------+--------+--------+--------+--------+-----+--------+
         Total |     88 |     88 |      0 |      0 |     19 |   2 |   44.0 |
       Dungeon |     88 |     88 |      0 |      0 |     19 |   2 |   44.0 |
               +--------+--------+--------+--------+--------+-----+--------+

Top non-repeatable levels by time:
     D:4: 62 daAuts
     D:5: 26 daAuts
